 Dungeon Crawl Stone Soup version 0.22.1-1-ga44c0e5 (webtiles) character file.

38 MalarOregon the Skirmisher (level 3, 29/29 HPs)
             Began as a Demonspawn Abyssal Knight on Oct 5, 2018.
             Was a Believer of Lugonu.
             Quit the game on level 1 of the Dungeon on Oct 6, 2018.
             The game lasted 00:07:21 (1785 turns).

MalarOregon the Skirmisher (DsAK)                   Turns: 1785, Time: 00:07:22

Health: 29/29      AC:  3    Str: 13    XL:     3   Next: 25%
Magic:  5/5        EV: 11    Int: 13    God:    Lugonu [**....]
Gold:   93         SH:  0    Dex: 12    Spells: 2/2 levels left

rFire    . . .     SeeInvis .   a - +1 falchion
rCold    . . .     Gourm    .   (no shield)
rNeg     . . .     Faith    .   g - +0 leather armour
rPois    .         Spirit   .   (no helmet)
rElec    .         Reflect  .   (no cloak)
rCorr    .         Harm     .   (no gloves)
MR       .....                  (no boots)
Stlth    +.........             (no amulet)
HPRegen  0.09/turn              (no ring)
MPRegen  0.09/turn              (no ring)

@: no status effects
A: powered by pain 1
a: Depart the Abyss, Bend Space, Renounce Religion


You were on level 1 of the Dungeon.
You worshipped Lugonu.
Lugonu was pleased with you.
You were not hungry.

You visited 1 branch of the dungeon, and saw 2 of its levels.
You visited the Abyss 1 time.

You collected 93 gold pieces.

Inventory:

Hand Weapons
 a - a +1 falchion (weapon)
 b - a +0 hunting sling
   (You found it on level 1 of the Dungeon)
 i - a +0 dagger of speed
   (You found it on level 1 of the Dungeon)
Missiles
 f - 20 stones (quivered)
Armour
 g - a +0 leather armour (worn)
Jewellery
 d - a +3 ring of evasion {unknown}
   (You found it on level 1 of the Dungeon)
Potions
 c - a potion of cancellation {unknown}
 j - 2 potions of brilliance {unknown}
Comestibles
 e - 6 rations {!d}


   Skills:
 + Level 3.3 Fighting
 + Level 2.2 Long Blades
 + Level 2.2 Armour
 - Level 1.0 Dodging
 + Level 3.1 Invocations


You had 2 spell levels left.
You didn't know any spells.
Your spell library was empty.

Dungeon Overview and Level Annotations

Branches:
Dungeon (2/15)

Altars:


Innate Abilities, Weirdness & Mutations

You sometimes gain a little power by taking damage.


Message History

You kill the giant cockroach!
Lugonu accepts your kill.
You see here a dart slug corpse.
You butcher the dart slug corpse.
h - 2 chunks of flesh You see here a giant cockroach corpse.
You butcher the giant cockroach corpse.
h - 3 chunks of flesh (gained 1)
There is a stone staircase leading down here.
You start resting.
Eating one of 3 chunks of flesh.
You eat one of the 3 chunks of flesh.
You climb downwards.
The hobgoblin hits you with a club. The leopard gecko bites you.
A goblin comes into view.
The leopard gecko bites you but does no damage.
The hobgoblin hits you but does no damage.
There is a stone staircase leading up here.
The leopard gecko closely misses you. The hobgoblin closely misses you.
You riposte.
You barely miss the hobgoblin.
You climb upwards.
There is a stone staircase leading down here.
The leopard gecko bites you.
The leopard gecko bites you but does no damage.
The leopard gecko closely misses you.
You riposte.
You barely miss the leopard gecko. You hit the leopard gecko.
The leopard gecko closely misses you. x2
You hit the leopard gecko. The leopard gecko bites you.
You hit the leopard gecko. The leopard gecko bites you.
The leopard gecko barely misses you.
You hit the leopard gecko.
You kill the leopard gecko!
Lugonu accepts your kill.
You hit the hobgoblin. The hobgoblin barely misses you.
You closely miss the hobgoblin. The hobgoblin misses you.
You riposte.
You hit the hobgoblin but do no damage. You slash the hobgoblin!
You kill the hobgoblin!
Lugonu accepts your kill.
Things that are here:
a club; a leopard gecko corpse You start resting.
Eating one of 2 chunks of flesh.
You eat one of the 2 chunks of flesh.
All of the chunks of flesh in your inventory have rotted away.
Save game and exit?
Welcome back, MalarOregon the Demonspawn Abyssal Knight.
Lugonu says: Spread carnage and corruption!
Welcome back, MalarOregon the Demonspawn Abyssal Knight.
Lugonu says: Spread carnage and corruption!
Quiver which item? (- for none, * to show all) (? for menu, Esc to quit)
Okay, then.

#.##..#.# #.##.###.##...#.....
#.##..#.# #........###.###...#
..##....# #.......## ### ##...
#####...# #.......# #.## ###.#
#.......# #.# #.# #.......# ##+##
#.# #.......# ##...# # ##.#
#...>...### ##..... ##
###..######..@......# ##......
.###..)......#.###.....###.......
.'...........)...........'.......
.###....####.#.###.....###.......
## #.#..# #.#.##..#.#.# ##......
# #.############.####.# ##.....
####.........####....# ##...#
##...............###### ##+##
#......⌠...⌠......# ####.##


There were no monsters in sight!

Vanquished Creatures
  A dart slug (D:1)
  3 leopard geckos (D:1)
  3 bats (D:1)
  3 giant cockroaches (D:1)
  4 goblins (D:1)
  4 hobgoblins (D:1)
  3 jackals (D:1)
  5 kobolds (D:1)
  A frilled lizard (D:1)
  3 rats (D:1)
30 creatures vanquished.

Notes
Turn   | Place    | Note
-------+----------+-------------------------------------------
     0 | Abyss:1  | MalarOregon the Demonspawn Abyssal Knight began the quest
                  | for the Orb.
     0 | Abyss:1  | Reached XP level 1. HP: 18/18 MP: 2/2
   133 | D:1      | Escaped the Abyss
   233 | D:1      | Reached skill level 1 in Dodging
   309 | D:1      | Gained mutation: You sometimes gain a little power by
                  | taking damage. [demonic ancestry]
   309 | D:1      | Reached XP level 2. HP: 23/24 MP: 4/4
   740 | D:1      | Reached ** piety under Lugonu
  1124 | D:1      | Reached XP level 3. HP: 29/29 MP: 5/5
  1785 | D:1      | Quit the game

Skill      XL: |  1  2 |
---------------+-------+-----
Dodging        | 1 |  1.0
Long Blades    | 2 |  2.2
Armour         | 2 |  2.2
Invocations    | 3 |  3.1
Fighting       | |  3.3

Action                   || total
-------------------------++-------
Melee: Falchion          ||    88
 Fire: Hunting sling     ||    16
  Use: Scroll            ||     1
  Eat: Chunk             ||     3
Armor: Leather armour    ||    26
Dodge: Dodged            ||    77
       Rpst.: Falchion   ||    29
